 Dungeon Crawl Stone Soup version 0.21-a0-417-g0adc95b (webtiles) character file.

2027 Zapper the Thaumaturge (level 9, -14/45 HPs)
             Began as a Deep Elf Conjurer on Oct 31, 2017.
             Demolished by a two-headed ogre
             ... wielding a +0 giant club
              (19 damage)
             ... on level 7 of the Dungeon on Nov 3, 2017.
             The game lasted 01:52:49 (8993 turns).

Zapper the Thaumaturge (Deep Elf Conjurer)          Turns: 8993, Time: 01:52:50

Health: -14/45     AC:  4    Str:  5    XL:     9   Next: 3%
Magic:  26/26      EV: 14    Int: 24    God:
Gold:   290        SH:  0    Dex: 15    Spells: 27/30 levels left

rFire    . . .     SeeInvis .   D - +2 quarterstaff (chaos)
rCold    . . .     Gourm    .   (shield currently unavailable)
rNeg     . . .     Faith    .   a - +2 robe
rPois    .         Spirit   .   (no helmet)
rElec    .         Reflect  .   (no cloak)
rCorr    .         Harm     .   (no gloves)
MR       .....                  (no boots)
Stlth    +++.......             (no amulet)
HPRegen  0.15/turn              r - ring of wizardry
MPRegen  0.20/turn              s - +1 ring of slaying

@: hasted, very quick
A: no striking features
a: no special abilities


You were on level 7 of the Dungeon.
You were not hungry.

You visited 1 branch of the dungeon, and saw 8 of its levels.

You collected 352 gold pieces.
You spent 62 gold pieces at shops.

Inventory:

Hand Weapons
 p - a +0 falchion
 q - a +1 short sword of venom
 w - a cursed -1 whip
 A - a +2 flail of crushing
 D - a +2 quarterstaff of chaos (weapon)
Missiles
 m - 52 sling bullets
Armour
 a - a +2 robe (worn)
 j - a +0 robe
 n - a +0 robe
 E - a +0 cloak
Jewellery
 r - a ring of wizardry (left hand)
 s - a +1 ring of slaying (right hand)
 C - an uncursed ring of poison resistance {unknown}
Wands
 d - a wand of scattershot (0/9)
Scrolls
 y - a scroll of amnesia
 B - a scroll of immolation {unknown}
 G - 2 scrolls of enchant armour
 H - a scroll of fear {unknown}
Potions
 e - a potion of ambrosia {unknown}
 f - a potion of flight {unknown}
 g - a potion of invisibility {unknown}
 i - a potion of curing
 t - a potion of resistance {unknown}
 v - a potion of brilliance {unknown}
 x - a potion of berserk rage {unknown}
 F - a potion of might {unknown}
Books
 b - a book of Conjurations

   Spells                             Type                      Level
   a - Magic Dart                     Conjuration                  1
   b - Searing Ray                    Conjuration                  2
   c - Dazzling Spray                 Conjuration/Hexes            3
   d - Fulminant Prism                Conjuration/Hexes            4
   e - Force Lance                    Conjuration/Translocation    4
   f - Iskenderun's Mystic Blast      Conjuration                  4
Comestibles
 c - 4 bread rations
 o - a royal jelly
 u - 4 fruits
 z - a meat ration


   Skills:
 - Level 0.3 Fighting
 - Level 0.3 Long Blades
 + Level 0.4 Staves
 + Level 4.5 Dodging
 * Level 4.3 Stealth
 * Level 11.2 Spellcasting
 + Level 8.6 Conjurations
 + Level 1.0 Evocations


You had 27 spell levels left.
You knew the following spells:

 Your Spells              Type           Power        Failure   Level  Hunger
a - Magic Dart            Conj           ####         1%          1    None
b - Searing Ray           Conj           ######       1%          2    None


Dungeon Overview and Level Annotations

Branches:
Dungeon (8/15)             Temple (0/1) D:7
   Lair: D:8-11

Altars:
Dithmenos
Fedhas
Okawaru
Zin

Shops:
D:4 *:(


Message History

You see here a hound skeleton.
There is a stone staircase leading down here.
You climb downwards.
The hound barks!
You hear a bark!
The two-headed ogre hits you with a giant club!
The two-headed ogre closely misses you.
A giant cockroach comes into view.
There is a stone staircase leading up, spattered with blood here.
The two-headed ogre hits you with a giant club!!
Ouch! That really hurt!
* * * LOW HITPOINT WARNING * * *
The two-headed ogre hits you but does no damage.
The giant cockroach moves out of view.
You climb upwards.
There is a stone staircase leading down here.
You feel yourself speed up. The two-headed ogre misses you.
The two-headed ogre closely misses you.
The two-headed ogre hits you but does no damage.
The two-headed ogre hits you with a dire flail!!
You die...

....##.##.......#
#)#...#
....##.##....[..#
#...#.#
....##.##.......#
###.#.#
....##.....###### #.#.#
....##......# #####.#.#
....##......# #.....#.#
....##......######
#.#.....#
.....'.........O>#
#.#.#####
....##......####@###.#.#
..#########.####.....#.#
#.# #......######.# #.##
#......# #.# #..#
#......# #<# ##.#
#......# ### ...##
#......# ....# #......#
....# #......#


You could see a two-headed ogre.

Vanquished Creatures
  2 sky beasts (D:7)
  A phantom (D:6)
  2 ogres
  2 wolves
  3 centaurs
  A bullfrog (D:7)
  A howler monkey (D:6)
  2 crimson imps
  A jelly (D:7)
  A quasit (D:3)
  3 orc priests
  Crazy Yiuf (D:6)
  6 hounds
  A bullfrog skeleton (D:7)
  7 orc wizards
  3 iguanas
  5 worker ants
  7 adders
  4 gnolls (D:3)
  4 oozes
  An adder skeleton (D:5)
  2 worms
  3 dart slugs
  5 leopard geckos
  21 orcs
  3 giant cockroaches
  3 goblins
  14 hobgoblins
  8 jackals
  6 kobolds
  2 quokkas (D:6)
  2 ball pythons
  5 bats
  8 frilled lizards
  5 rats
145 creatures vanquished.

Vanquished Creatures (others)
  5 toadstools (D:1)
5 creatures vanquished.

Grand Total: 150 creatures vanquished

Notes
Turn   | Place    | Note
-------+----------+-------------------------------------------
     0 | D:1      | Zapper the Deep Elf Conjurer began the quest for the Orb.
     0 | D:1      | Reached XP level 1. HP: 10/10 MP: 6/6
   161 | D:1      | Reached XP level 2. HP: 15/15 MP: 6/8
   241 | D:1      | Reached skill level 5 in Conjurations
   770 | D:2      | Reached XP level 3. HP: 19/19 MP: 7/9
  1091 | D:2      | Learned a level 2 spell: Searing Ray
  1752 | D:3      | Reached XP level 4. HP: 24/24 MP: 9/11
  2047 | D:3      | Reached skill level 4 in Spellcasting
  2230 | D:3      | Reached XP level 5. HP: 28/28 MP: 11/13
  2643 | D:3      | Reached skill level 5 in Spellcasting
  2704 | D:3      | Found a shadowy altar of Dithmenos.
  2975 | D:4      | Found Facuif's Weapon Shoppe.
  3169 | D:4      | Reached XP level 6. HP: 32/32 MP: 8/15
  3253 | D:4      | Found Ydaptef's Assorted Antiques.
  3278 | D:4      | Bought a scroll of identify for 62 gold pieces
  3403 | D:4      | Found Zuabyre's Book Emporium.
  3644 | D:4      | Reached skill level 6 in Spellcasting
  3896 | D:4      | Reached skill level 1 in Evocations
  4053 | D:4      | Reached XP level 7. HP: 32/36 MP: 4/19
  4318 | D:5      | Entered Level 5 of the Dungeon
  4396 | D:5      | Reached skill level 7 in Spellcasting
  4600 | D:5      | Found an iron altar of Okawaru.
  5096 | D:5      | Learned a level 2 spell: Searing Ray
  5166 | D:5      | Reached skill level 8 in Spellcasting
  5225 | D:5      | Found a blossoming altar of Fedhas.
  6245 | D:6      | Reached skill level 9 in Spellcasting
  6245 | D:6      | Reached XP level 8. HP: 41/41 MP: 14/23
  6497 | D:6      | Found a runed door.
  6689 | D:6      | Noticed Crazy Yiuf
  6700 | D:6      | Killed Crazy Yiuf
  6851 | D:7      | Found a staircase to the Ecumenical Temple.
  7545 | D:6      | Upgraded the game from 0.21-a0-404-g291f19a to 0.21-a0-417-g0adc95b
  7583 | D:7      | Reached skill level 10 in Spellcasting
  8542 | D:8      | Found a glowing silver altar of Zin.
  8688 | D:8      | Reached skill level 11 in Spellcasting
  8761 | D:8      | Noticed a two-headed ogre
  8763 | D:8      | Noticed a troll
  8771 | D:7      | Reached XP level 9. HP: 12/45 MP: 19/26
  8993 | D:7      | Demolished by a two-headed ogre

Vault maps used:
D:1:      ldierk_walled_garden
D:2:      serial_corexii_hall, corexii_hall_statues_s, corexii_hall_statues_x,
          corexii_hall_statues_l, corexii_hall_statues_deadend
D:3:      nicolae_dithmenos_shadow_blocks, first_bread, hex_large
D:4:      serial_shops, nicolae_shop_stone, shop_fountains, shop
D:5:      fedhas_altar_4, lemuel_coloured_pillars_altar
D:6:      amethyst_overflow_temple_binary, uniq_crazy_yiuf_cottage
D:7:      minmay_temple_entry_overgrown
D:8:      kennysheep_mini_moat, nicolae_overflow_crystal_walls,
          erik_lair_island, serial_shops, shop, hangedman_ranch

Skill      XL: |  1  2  3  4  5  6  7  8 |
---------------+-------------------------+-----
Conjurations   | 5 6 7 8 |  8.6
Spellcasting   | 4 5 6 9 11 | 11.2
Dodging        | 3 4 |  4.5
Stealth        | 3 4 |  4.3
Evocations     | 1 |  1.0
Fighting       | |  0.3
Long Blades    | |  0.3
Staves         | |  0.4

Action                   |  1- 3 |  4- 6 |  7- 9 || total
-------------------------+-------+-------+-------++-------
Melee: Short sword       |     9 |       |       ||     9
       Falchion          |       |    12 |       ||    12
       Quarterstaff      |       |       |     8 ||     8
 Cast: Magic Dart        |    77 |   116 |   124 ||   317
       Searing Ray       |       |    17 |    32 ||    49
Evoke: Wand              |       |     7 |       ||     7
  Use: Scroll            |     5 |     6 |     6 ||    17
       Potion            |       |       |     6 ||     6
  Eat: Bread ration      |     1 |     1 |     3 ||     5
       Chunk             |       |     1 |       ||     1
       Royal jelly       |       |       |     1 ||     1
Armor: Robe              |     6 |    11 |    15 ||    32
Dodge: Dodged            |     9 |    33 |    78 ||   120
       Rpst.: Falchion   |       |     5 |       ||     5

Table legend:
 A = Spawn XP
 B = Non-spawn XP
 C = Spawn XP percentage of total XP
 D = Spawn monster count
 E = Non-spawn monster count
 F = Spawn count percentage of total count
 G = Total turns spent on level
                    A         B        C        D         E        F      G
               +---------+---------+-------+---------+---------+-------+---------
         Total |       0 |    2896 |   0.0 |       0 |     145 |   0.0 |  8993
               +---------+---------+-------+---------+---------+-------+---------
           D:1 |       0 |      32 |   0.0 |       0 |      17 |   0.0 |   655
           D:2 |       0 |      64 |   0.0 |       0 |      22 |   0.0 |  1228
           D:3 |       0 |     240 |   0.0 |       0 |      33 |   0.0 |  1003
           D:4 |       0 |     404 |   0.0 |       0 |      27 |   0.0 |  1593
           D:5 |       0 |     470 |   0.0 |       0 |      16 |   0.0 |  1092
           D:6 |       0 |     366 |   0.0 |       0 |       7 |   0.0 |  1524
           D:7 |       0 |     840 |   0.0 |       0 |      16 |   0.0 |  1852
           D:8 |       0 |     480 |   0.0 |       0 |       7 |   0.0 |    46
               +---------+---------+-------+---------+---------+-------+---------
